 Dungeon Crawl Stone Soup version 0.23.1 (webtiles) character file.

Game seed: 0

67474 1994 the Whirler (level 15, 0/103 HPs)
             Began as a Halfling Abyssal Knight on Mar 14, 2019.
             Was the Champion of Lugonu.
             Slain by a +1 dire flail of crushing (25 damage)
             ... on level 1 of the Elven Halls.
             The game lasted 02:39:55 (30825 turns).

1994 the Whirler (Halfling Abyssal Knight)         Turns: 30825, Time: 02:39:55

Health: 0/103      AC: 17    Str: 20    XL:     15   Next: 66%
Magic:  14/14      EV: 26    Int: 10    God:    Lugonu [******]
Gold:   1698       SH: 12    Dex: 23    Spells: 18/20 levels left

rFire    + + .     SeeInvis +   V - +1 short sword (distort)
rCold    + + +     Gourm    .   M - +0 buckler
rNeg     + + .     Faith    .   I - +3 salamander hide armour {+Rage rF++}
rPois    +         Spirit   .   (no helmet)
rElec    +         Reflect  +   H - +1 cloak {rC+}
rCorr    +         Harm     .   X - +5 pair of gloves of Purpose {*Contam rC+ rN++ SInv}
MR       ++...                  j - +2 pair of boots
Stlth    ++........             U - amulet of Atwy {Reflect rElec rF- MP-9 Str+7 SH+5}
HPRegen  0.27/turn              K - ring of protection from magic
MPRegen  0.14/turn              Q - ring of Ywepu {rCorr rPois rF+ rC+ Dex+2}

@: no status effects
A: small, mutation resistance 1
a: Depart the Abyss, Bend Space, Banish, Corrupt, Enter the Abyss, Brand Weapon
With Distortion, Renounce Religion, Evoke Berserk Rage


You were on level 1 of the Elven Halls.
You worshipped Lugonu.
Lugonu was exalted by your worship.
You were near starving.

You visited 5 branches of the dungeon, and saw 21 of its levels.
You visited the Abyss 1 time.
You also visited: Ice Cave.

You collected 2340 gold pieces.
You spent 642 gold pieces at shops.

Inventory:

Hand Weapons
 a - a +0 rapier
 u - a +4 hunting sling
 D - a +2 dagger of draining
 O - a +0 scimitar of flaming
 V - a +1 short sword of distortion (weapon)
Missiles
 p - 138 sling bullets
 s - 412 stones (quivered)
 y - 7 throwing nets
Armour
 g - a +3 leather armour of magic resistance
 j - a +2 pair of boots (worn)
 G - the +0 pair of fencer's gloves {Riposte Dex+3}
   (You found it on level 4 of the Dungeon)

   It affects your dexterity (+3).
 H - a +1 cloak of cold resistance (worn)
 I - the +3 salamander hide armour (worn) {+Rage rF++}
   (You found it on level 11 of the Dungeon)

   It greatly protects you from fire.
   It lets you go berserk.
 L - the +1 robe of the Lotus Blossom {rF++ rN++ MR-}
   (You found it on level 6 of the Dungeon)

   It greatly protects you from fire.
   It greatly protects you from negative energy.
   It affects your resistance to hostile enchantments.
 M - a +0 buckler (worn)
 S - a +0 troll leather armour
 X - the +5 pair of gloves of Purpose (worn) {*Contam rC+ rN++ SInv}
   (You found it on level 6 of the Lair of Beasts)

   It protects you from cold.
   It greatly protects you from negative energy.
   It lets you see invisible.
   It causes magical contamination when unequipped.
Jewellery
 o - an uncursed amulet of magic regeneration
 v - a +3 ring of dexterity
 K - a ring of protection from magic (left hand)
 P - an uncursed ring of fire
 Q - the ring of Ywepu (right hand) {rCorr rPois rF+ rC+ Dex+2}
   (You bought it in a shop on level 2 of the Orcish Mines)

   [ring of resist corrosion]

   It affects your dexterity (+2).
   It protects you from fire.
   It protects you from cold.
   It protects you from poison.
 U - the amulet of Atwy (around neck) {Reflect rElec rF- MP-9 Str+7 SH+5}
   (You found it on level 3 of the Lair of Beasts)

   [amulet of reflection]

   It shields you and reflects attacks.
   It affects your strength (+7).
   It makes you vulnerable to fire.
   It insulates you from electricity.
   It affects your magic capacity (-9).
   It affects your SH (+5).
Wands
 d - a wand of iceblast (16)
 t - a wand of flame (26)
 E - a wand of paralysis (9)
 J - a wand of polymorph (6)
 R - a wand of digging (7)
 T - a wand of enslavement (9)
Scrolls
 b - 3 scrolls of identify
 i - 9 scrolls of teleportation
 k - 2 scrolls of blinking
 l - 3 scrolls of fog
 q - 3 scrolls of enchant armour
 r - 3 scrolls of magic mapping
 w - 12 scrolls of remove curse
 B - 2 scrolls of enchant weapon
 N - 3 scrolls of amnesia
Potions
 e - 3 potions of heal wounds
 f - 2 potions of lignification
 h - 9 potions of curing
 m - 5 potions of haste
 n - 3 potions of might
 x - 6 potions of flight
 z - 3 potions of brilliance
 A - 3 potions of magic
 C - 2 potions of ambrosia
 F - a potion of invisibility
 W - 3 potions of agility
 Y - 2 potions of mutation
 Z - a potion of berserk rage
Comestibles
 c - 45 rations


   Skills:
 + Level 10.0 Fighting
 + Level 12.5 Short Blades
 * Level 18.9 Slings
 - Level 2.4 Armour
 + Level 11.4 Dodging
 - Level 2.1 Stealth
 - Level 5.7 Shields
 - Level 3.0 Spellcasting
 - Level 5.0 Charms
 - Level 2.0 Air Magic
 + Level 11.3 Invocations


You had 18 spell levels left.
You knew the following spells:

 Your Spells              Type           Power        Failure   Level  Hunger
a - Swiftness             Chrm/Air       #.......     12%         2    ###....

Your spell library contained the following spells:

 Spells                   Type           Power        Failure   Level  Hunger
 Shock                    Conj/Air       #...         22%         1    #......
 Beastly Appendage        Tmut           #.....       32%         1    #......
 Confusing Touch          Hex            #.....       32%         1    #......
 Flame Tongue             Conj/Fire      #....        32%         1    #......
 Freeze                   Ice            #...         32%         1    #......
 Sandblast                Erth           #.....       32%         1    #......
 Poisonous Vapours        Pois/Air       #.....       32%         2    ###....
 Ozocubu's Armour         Chrm/Ice       #.......     34%         3    ###....
 Passwall                 Tmut/Erth      #.......     43%         2    ###....
 Sticks to Snakes         Tmut           #.......     43%         2    ###....
 Throw Flame              Conj/Fire      #.....       43%         2    ###....
 Throw Frost              Conj/Ice       #.....       43%         2    ###....
 Static Discharge         Conj/Air       #.......     54%         3    ###....
 Mephitic Cloud           Conj/Pois/Air  #.......     58%         3    ###....
 Confuse                  Hex            #.......     67%         3    ###....
 Conjure Flame            Conj/Fire      #.......     67%         3    ###....
 Gell's Gravitas          Tloc           #.........   67%         3    ###....
 Inner Flame              Hex/Fire       #.......     67%         3    ###....
 Recall                   Summ/Tloc      N/A          67%         3    ###....
 Spider Form              Tmut/Pois      #.........   67%         3    ###....
 Stone Arrow              Conj/Erth      #.....       67%         3    ###....
 Airstrike                Air            #.........   80%         4    #####..
 Animate Dead             Necr           N/A          97%         4    #####..
 Ice Form                 Ice/Tmut       #.......     97%         4    #####..
 Petrify                  Tmut/Erth      #.......     97%         4    #####..
 Sticky Flame             Conj/Fire      #.......     97%         4    #####..
 Summon Ice Beast         Ice/Summ       #.......     97%         4    #####..
 Throw Icicle             Conj/Ice       #.......     97%         4    #####..
 Lightning Bolt           Conj/Air       #.........   99%         5    ######.
 Blade Hands              Tmut           #.........   100%        5    ######.
 Borgnjor's Vile Clutch   Necr/Erth      #.........   100%        5    ######.
 Fireball                 Conj/Fire      #.........   100%        5    ######.
 Lee's Rapid Deconstruct  Erth           #.........   100%        5    ######.
 Metabolic Englaciation   Hex/Ice        #.........   100%        5    ######.
 Yara's Violent Unravell  Hex/Tmut       #.........   100%        5    ######.
 Bolt of Cold             Conj/Ice       #.........   100%        6    #######
 Death Channel            Necr           #.........   100%        6    #######
 Freezing Cloud           Conj/Ice/Air   #.........   100%        6    #######
 Ozocubu's Refrigeration  Ice            #.........   100%        6    #######
 Simulacrum               Ice/Necr       #.........   100%        6    #######
 Ring of Flames           Chrm/Fire      #.........   100%        7    #######


Dungeon Overview and Level Annotations

Branches:
Dungeon (11/15)            Temple (1/1) D:5            Lair (6/6) D:9
 Shoals (0/4) Lair:4       Spider (0/4) Lair:4        Slime (0/5) Lair:5
    Orc (2/2) D:11            Elf (1/3) Orc:2

Altars:
Ashenzari
Cheibriados
Dithmenos
Elyvilon
Fedhas
Gozag
Hepliaklqana
Kikubaaqudgha
Makhleb
Nemelex Xobeh
Okawaru
Qazlal
Ru
Sif Muna
Trog
Uskayaw
Vehumet
Wu Jian
Xom
Yredelemnul
Zin
The Shining One
Beogh

Shops:
Orc:2 (=*[


Innate Abilities, Weirdness & Mutations

You are small and have problems with some larger weapons.
You are somewhat resistant to further mutation.


Message History

You miss the +1 dire flail of crushing.
The +1 dire flail of crushing is lightly damaged.
You block the +1 dire flail of crushing's attack.
You miss the +1 dire flail of crushing.
The +1 dire flail of crushing is lightly damaged.
The +2 scimitar of electrocution hits you but does no damage.
You block the +1 dire flail of crushing's attack.
You miss the +1 dire flail of crushing.
The +1 dire flail of crushing is lightly damaged.
You block the +1 dire flail of crushing's attack.
The +2 scimitar of electrocution hits you!!
* * * LOW HITPOINT WARNING * * *
You hit the +1 dire flail of crushing but do no damage.
Space warps horribly around the +1 dire flail of crushing!
The +1 dire flail of crushing is heavily damaged.
You hit the +1 dire flail of crushing but do no damage.
The +1 dire flail of crushing looks slightly unstable.
The +1 dire flail of crushing is heavily damaged.
The +1 dire flail of crushing hits you!!
You die...

#..#..#..#
#..'..#..#
#..#..#..#
#..#..#..#
#..#..#
#..#..#
#..#..#
...#..#..#
###..#..#.@#
.#..#..#((#
'..#..#..#
#..#..#..#
#..#..'..#
###'#..#..#..#
.......'..#..#
.......#..#..#
'#######..#..#


You could see 2 dancing weapons.

Vanquished Creatures
  An orc warlord (Orc:1)
  A stone giant (Orc:2)
  5 hydras
  Fannar (D:10)
  Erica (Lair:1)
  2 two-headed ogres
  A dancing weapon (Orc:2)
  11 death yaks
  3 orc high priests (Orc:2)
  Sonja (D:10)
  A deep elf archer (Elf:1)
  A necromancer (IceCv)
  3 deep elf magi
  3 orc knights
  An orc sorcerer (Orc:2)
  3 moths of wrath (Lair:6)
  An ice statue (IceCv)
  2 black mambas
  A torpor snail (Lair:6)
  23 spiny frogs
  2 centaur skeletons
  A rime drake (Lair:5)
  4 komodo dragons
  10 freezing wraiths (IceCv)
  6 trolls
  2 polar bears
  2 wolf spider simulacra (IceCv)
  17 tyrant leeches
  2 hornets (D:8)
  Grinder (D:5)
  A merfolk (Lair:4)
  14 blink frogs
  8 hippogriffs
  Prince Ribbit (D:6)
  Eustachio (D:5)
  2 wyverns
  A water elemental (Elf:1)
  A hungry ghost (D:11)
  30 yaks
  A vampire (D:10)
  4 basilisks
  A fire elemental (Elf:1)
  6 vampire mosquitoes
  A death yak simulacrum (IceCv)
  3 swamp worms (Lair:6)
  5 wargs
  Menkaure (D:6)
  7 water moccasins
  6 porcupines
  24 orc warriors
  11 ice beasts
  8 ogres
  A necrophage (D:10)
  3 black bears
  2 sky beasts (D:11)
  3 phantoms
  11 wolves
  A centaur (D:10)
  13 crocodiles
  3 big kobolds
  21 bullfrogs
  A wyvern skeleton (D:10)
  2 scorpions
  An elephant simulacrum (IceCv)
  4 killer bees (D:10)
  3 electric eels
  3 vampire bats (D:5)
  4 howler monkeys
  2 crimson imps
  A quasit (D:9)
  3 bullfrog zombies
  4 draconian simulacra (IceCv)
  5 jellies
  8 hounds
  2 gnoll shamans (D:6)
  8 orc priests
  A bullfrog skeleton (D:5)
  15 orc wizards
  5 iguanas
  2 hell rats (Lair:5)
  3 spriggan simulacra (IceCv)
  4 troll simulacra (IceCv)
  6 worker ants
  Terence (D:1)
  2 centaur simulacra (IceCv)
  A hound zombie (D:8)
  A hound skeleton (D:5)
  11 gnolls
  15 adders
  4 naga simulacra (IceCv)
  3 ogre simulacra (IceCv)
  6 river rats (Lair:5)
  A shadow imp (D:8)
  12 white imps (IceCv)
  3 oozes
  An adder zombie (D:5)
  2 worms (D:2)
  2 dart slugs
  7 leopard geckos
  65 orcs
  A bat skeleton (D:5)
  3 bat zombies (D:5)
  8 giant cockroaches
  9 hobgoblins
  14 jackals
  7 quokkas
  A ball python (D:3)
  A ball python skeleton (D:4)
  7 bats
  4 frilled lizards
  11 goblins
  19 kobolds
  A leopard gecko skeleton (D:4)
  A leopard gecko zombie (D:5)
  A quokka zombie (D:6)
  23 rats
  2 fungi (Lair:6)
645 creatures vanquished.

Vanquished Creatures (others)
  An orc high priest (Orc:2)
  An orc knight (D:10)
  A centaur skeleton (D:10)
  A hornet (D:8)
  2 wargs (Orc:2)
  An orc warrior (Orc:2)
  A kobold (D:10)
  2 bushes (Lair:4)
  15 fungi
  51 plants (Lair:6)
76 creatures vanquished.

Grand Total: 721 creatures vanquished

Notes
Turn   | Place    | Note
-------+----------+-------------------------------------------
     0 | Abyss:1  | 1994 the Halfling Abyssal Knight began the quest for the
                  | Orb.
     0 | Abyss:1  | Reached XP level 1. HP: 15/15 MP: 2/2
     8 | Abyss:1  | Found a corrupted altar of Lugonu.
    83 | Abyss:1  | Found a corrupted altar of Lugonu.
   132 | Abyss:1  | Noticed a sixfirhy
   134 | D:1      | Escaped the Abyss
   232 | D:1      | Reached XP level 2. HP: 19/20 MP: 3/3
   315 | D:1      | Reached * piety under Lugonu
   435 | D:1      | Reached XP level 3. HP: 25/25 MP: 4/4
  1018 | D:1      | Reached skill level 1 in Stealth
  1079 | D:2      | Noticed Terence
  1130 | D:2      | Reached XP level 4. HP: 28/31 MP: 5/5
  1389 | D:1      | Killed Terence
  1389 | D:1      | Reached skill level 1 in Slings
  1579 | D:2      | Reached ** piety under Lugonu
  1986 | D:2      | Reached XP level 5. HP: 25/36 MP: 6/6
  2111 | D:3      | Reached skill level 2 in Slings
  2872 | D:3      | Reached XP level 6. HP: 38/42 MP: 8/8
  2978 | D:3      | Reached skill level 3 in Slings
  3032 | D:3      | You fall through a shaft!
  3618 | D:4      | Found a snail-covered altar of Cheibriados.
  3646 | D:4      | Reached *** piety under Lugonu
  3715 | D:4      | Reached skill level 4 in Slings
  3724 | D:4      | Reached XP level 7. HP: 36/46 MP: 9/9
  4120 | D:4      | Found the +0 pair of fencer's gloves {Riposte Dex+3}
  4160 | D:4      | Found a burning altar of Makhleb.
  4162 | D:4      | Noticed a cacodemon
  4166 | D:4      | Noticed a hellwing
  4166 | D:4      | Noticed a smoke demon
  4355 | D:5      | Entered Level 5 of the Dungeon
  4430 | D:5      | Noticed Grinder
  4504 | D:5      | Reached skill level 5 in Slings
  4679 | D:6      | Found a radiant altar of Vehumet.
  4787 | D:6      | Reached XP level 8. HP: 51/54 MP: 10/10
  4834 | D:6      | Reached skill level 6 in Slings
  4928 | D:6      | Noticed Prince Ribbit
  4945 | D:6      | Killed Prince Ribbit
  4945 | D:6      | Reached skill level 5 in Short Blades
  4964 | D:6      | Found an opulent altar of Gozag.
  5001 | D:6      | Noticed Menkaure
  5008 | D:6      | Killed Menkaure
  5008 | D:6      | Reached skill level 7 in Slings
  5062 | D:6      | Got a silken robe
  5073 | D:6      | Identified the cursed +1 robe of the Lotus Blossom {rF++
                  | rN++ MR-} (You found it on level 6 of the Dungeon)
  5373 | D:5      | Killed Grinder
  5373 | D:5      | Reached skill level 8 in Slings
  5373 | D:5      | Reached skill level 1 in Shields
  5373 | D:5      | Reached XP level 9. HP: 59/59 MP: 12/12
  5392 | D:5      | Reached **** piety under Lugonu
  5401 | D:5      | Reached skill level 5 in Invocations
  5488 | D:5      | Found an ancient bone altar of Kikubaaqudgha.
  5571 | D:5      | Found a staircase to the Ecumenical Temple.
  5586 | Temple   | Entered the Ecumenical Temple
  5770 | D:5      | Reached skill level 5 in Fighting
  5770 | D:5      | Reached skill level 5 in Dodging
  5826 | D:5      | Noticed Eustachio
  6086 | D:5      | Reached skill level 9 in Slings
  6107 | D:5      | Killed Eustachio
  6516 | D:7      | Found a sacrificial altar of Ru.
  7056 | D:7      | Found a shimmering altar of Xom.
  7429 | D:8      | Reached XP level 10. HP: 32/66 MP: 12/14
  7591 | D:8      | Noticed a two-headed ogre
  7653 | D:8      | Killed a two-headed ogre
  7653 | D:8      | Reached skill level 10 in Slings
  7671 | D:8      | Found a deep blue altar of Sif Muna.
  7968 | D:8      | Paralysed by a hornet for 3 turns
  8280 | D:8      | Reached skill level 11 in Slings
  8714 | D:8      | Found an iron altar of Okawaru.
  8925 | D:8      | Reached ***** piety under Lugonu
  9547 | D:9      | Reached XP level 11. HP: 66/72 MP: 16/16
  9563 | D:9      | Noticed a death yak
  9579 | D:9      | Noticed a death yak
  9579 | D:9      | Noticed a death yak
  9582 | D:9      | Noticed a death yak
  9590 | D:9      | Noticed a death yak
  9707 | D:8      | Killed a death yak
  9707 | D:8      | Reached skill level 12 in Slings
  9707 | D:8      | Reached skill level 5 in Shields
  9790 | D:9      | Found a staircase to the Lair.
  9877 | D:9      | Noticed a death yak
  9947 | D:8      | Killed a death yak
 10155 | D:7      | Killed a death yak
 10255 | D:8      | Killed a death yak
 10429 | D:8      | Killed a death yak
 10587 | D:8      | Killed a death yak
 10587 | D:8      | Reached skill level 13 in Slings
 10622 | D:9      | Found a bloodstained altar of Trog.
 10704 | D:9      | Learned a level 2 spell: Swiftness
 11433 | D:9      | Reached XP level 12. HP: 78/81 MP: 17/17
 11611 | D:10     | Entered Level 10 of the Dungeon
 11657 | Lair:1   | Entered Level 1 of the Lair of Beasts
 12169 | Lair:1   | Noticed Erica
 12192 | Lair:1   | Killed Erica
 12192 | Lair:1   | Reached skill level 1 in Charms
 12254 | Lair:1   | Reached skill level 1 in Spellcasting
 12804 | Lair:2   | Noticed a five-headed hydra
 12820 | Lair:2   | Killed a one-headed hydra
 12820 | Lair:2   | Reached skill level 14 in Slings
 13013 | Lair:2   | Reached skill level 1 in Air Magic
 14646 | Lair:3   | Got a warped ruby amulet
 14647 | Lair:3   | Identified the amulet of Atwy {Reflect rElec rF- MP-9 Str+7
                  | SH+5} (You found it on level 3 of the Lair of Beasts)
 14809 | Lair:3   | Identified a scroll of acquirement
 15258 | Lair:4   | Reached XP level 13. HP: 80/88 MP: 10/19
 15429 | Lair:4   | Reached skill level 10 in Short Blades
 15536 | Lair:4   | Found a hole to the Spider Nest.
 15684 | Lair:4   | Reached skill level 15 in Slings
 16224 | Lair:4   | Found a staircase to the Shoals.
 16501 | Lair:5   | Reached ****** piety under Lugonu
 17002 | Lair:5   | Found a staircase to the Slime Pits.
 17637 | Lair:6   | Entered Level 6 of the Lair of Beasts
 18287 | Lair:6   | Noticed a four-headed hydra
 18309 | Lair:6   | Killed a one-headed hydra
 18842 | Lair:6   | Reached skill level 16 in Slings
 19507 | Lair:6   | Noticed an eight-headed hydra
 19553 | Lair:5   | Reached XP level 14. HP: 58/95 MP: 8/21
 20298 | Lair:6   | Reached skill level 10 in Invocations
 20384 | Lair:6   | Reached skill level 10 in Dodging
 20483 | Lair:6   | Got a pair of distressingly furry gloves
 20539 | Lair:6   | Identified the +5 pair of gloves of Purpose {*Contam rC+
                  | rN++ SInv} (You found it on level 6 of the Lair of Beasts)
 21303 | Lair:5   | Reached skill level 17 in Slings
 21326 | Lair:5   | Reached skill level 5 in Charms
 22678 | Lair:6   | Found the +8 mithril axe "Arga" {speed, MR+}
 23508 | D:10     | Noticed Sonja
 23517 | D:10     | Killed Sonja
 23955 | D:10     | Found a white marble altar of Elyvilon.
 24147 | D:11     | Found the +3 salamander hide armour {+Rage rF++}
 24477 | D:11     | Found a staircase to the Orcish Mines.
 24480 | D:11     | Noticed Fannar
 24639 | D:10     | Killed Fannar
 25199 | Orc:1    | Entered Level 1 of the Orcish Mines
 25267 | D:11     | Reached XP level 15. HP: 83/102 MP: 14/23
 25498 | Orc:1    | Found a roughly hewn altar of Beogh.
 25500 | Orc:1    | You fall through a shaft!
 25500 | Orc:2    | Entered Level 2 of the Orcish Mines
 25591 | Orc:2    | Found Tiritute's Antique Armour Emporium.
 25694 | Orc:2    | Found a frozen archway.
 25737 | IceCv    | Entered an ice cave
 25744 | IceCv    | Reached skill level 18 in Slings
 26680 | IceCv    | Found an ancient bone altar of Kikubaaqudgha.
 27793 | Orc:2    | Noticed a stone giant
 27960 | Orc:2    | Killed a stone giant
 28271 | Orc:2    | Found Soker's Jewellery Shoppe.
 28415 | Orc:2    | Noticed an orc warlord
 28436 | Orc:2    | Found a staircase to the Elven Halls.
 28994 | Orc:1    | Killed an orc warlord
 29428 | Orc:2    | Bought the ring of Ywepu {rCorr rPois rF+ rC+ Dex+2} for
                  | 642 gold pieces
 29482 | Orc:2    | Found Busaet's General Store.
 29754 | Orc:2    | Found Irghait's Antique Weapon Emporium.
 29900 | Elf:1    | Entered Level 1 of the Elven Halls
 29923 | Elf:1    | Reached skill level 10 in Fighting
 30825 | Elf:1    | Slain by a +1 dire flail of crushing

Skill      XL: |  1  2  3  4  5  6  7  8  9 10 11 12 13 14 15 |
---------------+----------------------------------------------+-----
Fighting       | 3 4 5 6 7 8 9 10 | 10.0
Short Blades   | 3 4 5 6 7 8 9 10 11 12 | 12.5
Stealth        | 1 2 |  2.1
Slings         | 1 2 4 5 8 9 11 13 14 16 17 18 | 18.9
Dodging        | 2 3 4 5 6 7 8 9 10 11 | 11.4
Invocations    | 3 4 5 6 7 8 9 10 11 | 11.3
Shields        | 1 3 4 5 |  5.7
Charms         | 3 4 5 |  5.0
Spellcasting   | 2 3 |  3.0
Air Magic      | 2 |  2.0
Armour         | |  2.4

Action                   |  1- 3 |  4- 6 |  7- 9 | 10-12 | 13-15 || total
-------------------------+-------+-------+-------+-------+-------++-------
Melee: Short sword       |   142 |   155 |    30 |       |    79 ||   406
       Dagger            |       |    64 |   283 |  1036 |   639 ||  2022
       Rapier            |       |       |       |   124 |  1762 ||  1886
       Scimitar          |       |       |       |     7 |   181 ||   188
 Fire: Hunting sling     |       |    68 |   123 |   156 |   592 ||   939
Invok: Depart the Abyss  |     1 |       |       |       |       ||     1
       Bend Space        |       |    12 |    12 |    35 |   119 ||   178
       Banish            |       |       |       |     1 |       ||     1
Evoke: Wand              |       |       |       |       |     2 ||     2
  Use: Scroll            |       |       |    13 |    10 |     9 ||    32
       Potion            |       |       |       |     1 |       ||     1
 Stab: Sleeping          |     1 |     5 |     8 |     8 |     3 ||    25
       Distracted        |       |       |       |     2 |     2 ||     4
       Paralysed         |       |       |       |       |     1 ||     1
  Eat: Chunk             |     1 |     8 |    12 |    23 |    46 ||    90
       Ration            |       |       |       |     1 |     2 ||     3
Armor: Leather armour    |    38 |    55 |    12 |    33 |    93 ||   231
       Ring mail         |       |       |    52 |    39 |       ||    91
       Troll leather arm |       |       |       |    38 |    94 ||   132
Dodge: Dodged            |    99 |   190 |   229 |   574 |  1349 ||  2441
Block: Buckler           |       |       |       |   191 |  1134 ||  1325
       Reflection        |       |       |       |       |    15 ||    15
       Rpst.: Dagger     |       |       |    54 |   153 |    14 ||   221
       Hunting sling     |       |       |     3 |     4 |       ||     7
       Short sword       |       |       |    14 |       |       ||    14
       Rapier            |       |       |       |    24 |   100 ||   124
       Scimitar          |       |       |       |     1 |    53 ||    54
